 Dungeon Crawl Stone Soup version 0.27-a0-1200-g94dc6ad4cf (webtiles) character file.

Game seed: 2689887915355126581

49 Azzok the Chopper (level 3, -5/29 HPs)
             Began as a Demonspawn Berserker on May 30, 2021.
             Was a Follower of Trog.
             Slain by a gnoll
             ... wielding a +0 halberd
              (14 damage)
             ... on level 2 of the Dungeon.
             The game lasted 00:01:53 (2372 turns).

Azzok the Chopper (Demonspawn Berserker)            Turns: 2372, Time: 00:01:54

Health: -5/29      AC:  5    Str: 18    XL:     3   Next: 53%
Magic:  3/3        EV:  6    Int:  8    God:    Trog [*.....]
Gold:   53         SH:  0    Dex: 12    Spells: 2/2 levels left

rFire    . . .     SeeInvis .   a - +0 hand axe
rCold    . . .     Faith    .   (no shield)
rNeg     . . .     Spirit   .   h - +0 ring mail
rPois    .         Reflect  .   (no helmet)
rElec    .         Harm     .   (no cloak)
rCorr    .         Rampage  .   (no gloves)
Will     .....                  (no boots)
Stlth    +.........             (no amulet)
HPRegen  0.09/turn              (no ring)
MPRegen  0.08/turn              (no ring)

@: held
A: ignite blood 1
a: Renounce Religion, Berserk


You were on level 2 of the Dungeon.
You worshipped Trog.
Trog was aware of your devotion.
You visited 1 branch of the dungeon, and saw 2 of its levels.

You collected 53 gold pieces.

Inventory:

Hand Weapons
 a - a +0 hand axe (weapon)
 g - a +2 short sword of speed
Armour
 b - a +0 animal skin
 h - a +0 ring mail (worn)
Scrolls
 d - 3 scrolls of amnesia {unknown}
 e - a scroll of noise {unknown}
 f - 2 scrolls of identify {unknown}
 i - a scroll of summoning {unknown}
Potions
 c - a potion of invisibility {unknown}


   Skills:
 - Level 3.0 Fighting
 + Level 4.2 Axes
 - Level 1.7 Armour
 - Level 1.7 Dodging


You had 2 spell levels left.
You didn't know any spells.
Your spell library was empty.

Dungeon Overview and Level Annotations

Branches:
Dungeon (2/15)

Altars:

Shops:
D:2 [*


Innate Abilities, Weirdness & Mutations

Your demonic aura sometimes causes spilled blood to erupt in flames.


Message History

There are monsters nearby!
Found a stone staircase leading down.
You see here a scroll labelled MESYPH QOODUM.
The hobgoblin hits you.
You hit the hobgoblin.
The hobgoblin is almost dead.
The hobgoblin barely misses you.
A gnoll comes into view. It is wielding a +0 club.
You hit the hobgoblin but do no damage.
The hobgoblin is almost dead.
A gnoll comes into view. It is wielding a +0 halberd.
The hobgoblin hits you. The gnoll hits you but does no damage.
You barely miss the hobgoblin.
The hobgoblin is almost dead.
The gnoll shouts!
The hobgoblin hits you but does no damage.
The gnoll hits you from afar with a +0 halberd!
You see here a scroll labelled MESYPH QOODUM.
There is a stone staircase leading up here.
The hobgoblin barely misses you.
You climb upwards.
There is a stone staircase leading down here.
You hit the hobgoblin.
You kill the hobgoblin!
Trog accepts your kill.
You see here a hobgoblin corpse.
a - a +0 hand axe (weapon)
There is a stone staircase leading down here.
You climb downwards.
The gnoll throws a throwing net.
The throwing net hits you.
You become entangled in the net!
There is a stone staircase leading up here.
You see here a throwing net.
You struggle against the net.
The gnoll hits you from afar with a +0 halberd!
You struggle against the net.
The gnoll hits you from afar with a +0 halberd!
* * * LOW HITPOINT WARNING * * *
You struggle against the net.
The gnoll hits you from afar with a +0 halberd!
You die...

▒·▒···▒·▒ ▒·······>
▒···▒·▒ ▒·······▒
······▒ ▒·▒▒·▒·▒▒
▒▒▒·▒▒▒▒▒▒▒·▒▒·····
▒▒▒▒··▒
▒▒▒···▒▒·▒·▒▒ ▒·····
······▒▒····· ▒·▒▒·▒
▒▒▒········▒▒
▒·▒▒·▒▒▒▒·······▒▒▒▒
▒▒▒gg·@···▒·······▒
▒··g▒▒○▒▒·▒·······▒
▒·▒)▒▒····▒▒▒···▒▒▒
▒·▒†▒▒·▒··▒▒▒···▒
▒·▒········▒▒·▒▒▒
▒·▒········÷····▒
▒g▒········▒▒·▒·▒
▒▒▒▒·▒▒·······▒▒·▒·▒
▒···g▒▒·······▒▒·· ▒


You could see 3 gnolls.

Vanquished Creatures
  2 worms (D:2)
  6 bats
  3 endoplasms
  A giant cockroach (D:2)
  3 goblins (D:2)
  3 hobgoblins
  7 jackals
  4 quokkas
  A ball python (D:1)
  A frilled lizard (D:1)
  3 kobolds
  2 rats (D:1)
36 creatures vanquished.

Notes
Turn   | Place    | Note
-------+----------+-------------------------------------------
     0 | D:1      | Azzok the Demonspawn Berserker began the quest for the Orb.
     0 | D:1      | Reached XP level 1. HP: 18/18 MP: 1/1
   133 | D:1      | Found a faded altar of an unknown god.
   166 | D:1      | Reached skill level 3 in Axes
   446 | D:1      | Gained mutation: Your demonic aura sometimes causes spilled
                  | blood to erupt in flames. [demonic ancestry]
   446 | D:1      | Reached XP level 2. HP: 19/24 MP: 2/2
  1137 | D:2      | Found Surur's General Store.
  1362 | D:2      | Reached XP level 3. HP: 4/29 MP: 3/3
  1648 | D:2      | Found Siyjobb's Antique Armour Shoppe.
  1885 | D:2      | Reached skill level 4 in Axes
  2372 | D:2      | Slain by a gnoll

Illustrated notes

Levels and vault maps discovered:
D:1:      evilmike_arrival_crescent, layout_basic,
          hellmonk_ecumenical_altar_crossroads
D:2:      layout_loops_cross, serial_shops, shop, shop

Skill      XL: |  1  2  3 |
---------------+----------+-----
Axes           | 3 4 |  4.2
Fighting       | |  3.0
Armour         | |  1.7
Dodging        | |  1.7

Action                   || total
-------------------------++-------
Melee: Hand axe          ||    56
       Short sword       ||    69
Invok: Berserk           ||     1
Armor: Animal skin       ||    27
       Ring mail         ||    14
Dodge: Dodged            ||    73

Table legend: (Time is in decaauts)
 A = Elapsed time spent in this place.
 B = Non-inter-level travel time spent in this place.
 C = Inter-level travel time spent in this place.
 D = Time resting spent in this place.
 E = Time spent auto-exploring this place.
 F = Levels seen in this place.
 G = Mean time per level.
                   A        B        C        D        E       F      G
               +--------+--------+--------+--------+--------+-----+--------+
         Total |   2375 |   2338 |     37 |    188 |   1860 |   2 | 1187.5 |
       Dungeon |   2375 |   2338 |     37 |    188 |   1860 |   2 | 1187.5 |
               +--------+--------+--------+--------+--------+-----+--------+

Top non-repeatable levels by time:
     D:1: 1246 daAuts
     D:2: 1128 daAuts
